 Dungeon Crawl Stone Soup version 0.32-a0-119-g2e8054a333 (webtiles) character file.

Game seed: 17588856444455159306

0 seren the Ruffian (level 1, 0/15 HPs)
             Began as a Demonspawn Shapeshifter on Feb 6, 2024.
             Slain by a hobgoblin (3 damage)
             ... on level 1 of the Dungeon.
             The game lasted 00:00:11 (78 turns).

seren the Ruffian (Demonspawn Shapeshifter)           Turns: 78, Time: 00:00:12

Health: 0/15       AC:  2    Str: 14    XL:     1   Next: 8%
Magic:  1/1        EV: 12    Int: 10    God:
Gold:   37         SH:  0    Dex: 12    Spells: 0/0 levels left

rFire   . .          .
                       - Unarmed
rCold   . . .        (no shield)
rNeg    . . .        a - +0 animal skin
rPois   .            (helmet currently unavailable)
rElec   .            (cloak currently unavailable)
rCorr   .            (gloves currently unavailable)
SInv    .            (boots currently unavailable)
Will    .....        (no amulet)
Stlth   +            (no ring)
HPRegen 0.22/turn    (no ring)
MPRegen 0.07/turn

%: no passive effects
@: beast-form
A: beast (slay +1)
a: Begin Untransformation


You were on level 1 of the Dungeon.
You were a hulking beast.
You visited 1 branch of the dungeon, and saw 1 of its levels.

You collected 37 gold pieces.

Inventory:

Armour
 a - a +0 animal skin (worn)
Talismans
 c - a beast talisman
 d - a flux talisman
Potions
 b - a potion of lignification


   Skills:
 + Level 1.0 Fighting
 + Level 1.7 Dodging
 + Level 2.7 Unarmed Combat
 + Level 2.7 Shapeshifting


You couldn't memorise any spells.
You didn't know any spells.
Your spell library was empty.

Dungeon Overview and Level Annotations

Branches:
Dungeon (1/15)

Altars:


Message History

You are too injured to fight recklessly!
A hobgoblin comes into view.
The hobgoblin shouts!
The bat completely misses you.
You are too injured to fight recklessly!
You are too injured to fight recklessly!
You are too injured to fight recklessly!
You are too injured to fight recklessly!
You are too injured to fight recklessly!
You miss the bat.
The bat is moderately wounded.
The bat closely misses you. The bat closely misses you.
The dart slug launches a dart at you. The slug dart misses you.
The bat barely misses you.
You completely miss the bat.
The bat is moderately wounded.
The bat hits you but does no damage. The hobgoblin closely misses you.
The bat misses you. The dart slug launches a dart at you.
The slug dart misses you. The hobgoblin closely misses you.
You hit the dart slug.
The dart slug is lightly wounded.
The bat hits you.
* * * LOW HITPOINT WARNING * * *
The hobgoblin completely misses you. The dart slug barely misses you.
You hit the dart slug.
The dart slug is moderately wounded.
The bat hits you but does no damage. The hobgoblin hits you.
* * * LOW HITPOINT WARNING * * *
You completely miss the dart slug.
The dart slug is moderately wounded.
The bat hits you but does no damage. x2; The dart slug bites you.
* * * LOW HITPOINT WARNING * * *
The hobgoblin barely misses you.
You hit the dart slug.
The dart slug is moderately wounded.
The bat closely misses you. x2; The hobgoblin hits you.
You die...

######.########
................
.#######.####.##
###..# ##..####
#...####......#
#...# #.......#
###.###.......#
#...........####
#####...hg.....#
#.#bw......#
#.##.......#
..###......#
...# ......#
....# ......#
.....# #######


You could see a dart slug, a hobgoblin and a bat.

Vanquished Creatures
  A ball python (D:1)
1 creature vanquished.

Notes
Turn   | Place    | Note
-------+----------+-------------------------------------------
     0 | D:1      | seren the Demonspawn Shapeshifter began the quest for the
                  | Orb.
     0 | D:1      | Reached XP level 1. HP: 15/15 MP: 1/1
    78 | D:1      | Slain by a hobgoblin

Illustrated notes

Levels and vault maps discovered:
D:1:      minmay_arrival_split_and_join, layout_rooms, minmay_box_of_dots

Action                     || total
---------------------------++-------
  Melee: Unarmed           ||    12
 Armour: Animal skin       ||    17
  Dodge: Dodged            ||    18

Table legend: (Time is in decaauts)
 A = Elapsed time spent in this place.
 B = Non-inter-level travel time spent in this place.
 C = Inter-level travel time spent in this place.
 D = Time resting spent in this place.
 E = Time spent auto-exploring this place.
 F = Levels seen in this place.
 G = Mean time per level.
                   A        B        C        D        E       F      G
               +--------+--------+--------+--------+--------+-----+--------+
         Total |     77 |     77 |      0 |      0 |     55 |   1 |   77.0 |
       Dungeon |     77 |     77 |      0 |      0 |     55 |   1 |   77.0 |
               +--------+--------+--------+--------+--------+-----+--------+

Top non-repeatable levels by time:
     D:1: 77 daAuts
